 Dungeon Crawl Stone Soup version 0.18-a0-822-gb52b7b4 (webtiles) character file.

1351 Raultor the Insei (level 8, -6/69 HPs)
             Began as a Purple Draconian Transmuter on Dec 16, 2015.
             Mangled by an orc warrior
             ... wielding a +0 mace
              (16 damage)
             ... on level 6 of the Dungeon.
             The game lasted 00:19:54 (6215 turns).

Raultor the Insei (Purple Draconian Transmuter)     Turns: 6215, Time: 00:19:54

Health: -6/69      AC:  8    Str: 12    XL:     8   Next: 36%
Magic:  10/11      EV: 14    Int: 14    God:
Gold:   206        SH:  0    Dex: 14    Spells: 3 memorised, 3 levels left

rFire  + . .     SeeInvis +       - Unarmed
rCold  . . .     Gourm    .     (armour unavailable)
rNeg   . . .     Faith    .     (no shield)
rPois  .         Spirit   .     (helmet restricted)
rElec  .         Dismiss  +     o - +1 cloak
rCorr  .         Reflect  .     (no gloves)
SustAt .         Harm     .     (no boots)
MR     +....                    x - amulet of dismissal
Stlth  +.........               g - ring of see invisible {sInv, !d}
                                r - ring of protection from fire {rF+, !d}

@: appendage (expiring), flying, somewhat resistant to hostile enchantments,
very unstealthy
A: breathe power, unfitting armour, horns 2, cold-blooded, AC +6
a: Breathe Dispelling Energy, End Transformation


You were on level 6 of the Dungeon.
You were not hungry.
You had grown temporary horns.
You visited 1 branch of the dungeon, and saw 6 of its levels.
You also visited: Ossuary.

You collected 206 gold pieces.

Inventory:

Missiles
 a - 67 arrows
 p - 5 curare-tipped needles
 y - a throwing net {=f, !d}
Armour
 o - a +1 cloak (worn)
   (You found it on level 3 of the Dungeon)
Jewellery
 g - a ring of see invisible (right hand) {sInv, !d}
   (You found it on level 4 of the Dungeon)
 r - a ring of protection from fire (left hand) {rF+, !d}
   (You found it on level 4 of the Dungeon)
 t - an uncursed ring of teleportation {+/*tele, !d}
   (You found it on level 4 of the Dungeon)
 x - an amulet of dismissal (around neck)
   (You found it on level 4 of the Dungeon)
Wands
 d - a wand of digging (9)
   (You found it on level 3 of the Dungeon)
 l - a wand of enslavement (15)
   (You found it on level 3 of the Dungeon)
Scrolls
 f - a scroll of teleportation
 k - 3 scrolls of remove curse
 m - a scroll of identify {unknown}
 u - 2 scrolls of amnesia {unknown}
 A - a scroll of enchant weapon {unknown}
Potions
 e - 2 potions of magic
 h - 3 potions of degeneration {unknown}
 n - 2 potions of lignification {unknown}
 q - a potion of resistance {unknown}
 s - a potion of haste {unknown}
 B - a potion of mutation {unknown}
Books
 b - a book of Changes
 w - a book of Dreams
   (You found it on level 4 of the Dungeon)
Comestibles
 c - 3 bread rations {@e1}
 i - a slice of pizza
 j - 2 meat rations {@e2}


   Skills:
 + Level 5.5 Fighting
 + Level 4.4 Dodging
 + Level 6.9 Unarmed Combat
 - Level 2.4 Spellcasting
 + Level 4.8 Transmutations


You had 3 spell levels left.
You knew the following spells:

 Your Spells              Type           Power        Failure   Level  Hunger
a - Beastly Appendage     Trmt           ###...       3%          1    #......
s - Sticks to Snakes      Trmt           ###.....     6%          2    ###....
x - Blade Hands           Trmt           ###.......   89%         5    ######.


Dungeon Overview and Level Annotations

Branches:
Dungeon (6/15)
 Temple: D:4-7

Altars:

Annotations:
D:2 exclusion: Sigmund, Sigmund
D:4 2 runed doors


Innate Abilities, Weirdness & Mutations

You can breathe bolts of dispelling energy.
Your rich purple scales are hard (AC +6).
Your body does not fit into most forms of armour.
You are cold-blooded and may be slowed by cold attacks.
You have a pair of horns on your head.


Message History

You hit the ice beast but do no damage. The ice beast misses you.
You closely miss the ice beast. The ice beast barely misses you.
MP restored: 11 You hit the ice beast but do no damage.
You tail-slap the ice beast, but do no damage.
The ice beast barely misses you.
You punch the ice beast!
You kill the ice beast!
No target in view!
Eating a chunk of flesh {@w0}.
You continue eating. x2
You open the door.
There is an open door here.
You open the door.
There is an open door here.
As you open the door, it creaks loudly!
There is an open door here.
There is an open door here.
Done exploring.
You regained 13 hp, and now have 65/69 hp.
Done exploring.
There is an open door here.
As you open the door, it creaks loudly!
There is an open door here.
There is a stone staircase leading down here.
Health restored: 69 You climb downwards.
A hound comes into view.
There is a stone staircase leading up here.
A hound is nearby!
An orc and an orc warrior come into view.
The orc shouts!
An orc priest comes into view.
You closely miss the hound. The hound bites you.
The orc priest mumbles some strange prayers to Beogh against you.
Something smites you!
You take 17 damage, and have 52/69 hp.
MASSIVE DAMAGE!!
You punch the hound! The hound misses you.
Casting: Sticks to Snakes You grow a pair of large bovine horns.
The hound misses you. The hound barely misses you.
You now have 10/11 mp.
You hit the hound. The hound bites you.
You take 1 damage, and have 51/69 hp.
You punch the hound!
You kill the hound!
You create a snake!
You now have 67 arrows.
The orc warrior barely misses you.
You now have 8/11 mp.
Your ball python bites the orc warrior.
Your ball python closely misses the orc warrior.
You hit the orc warrior but do no damage.
The orc warrior hits your ball python with a mace.
Your ball python bites the orc warrior but does no damage.
Your ball python barely misses the orc warrior.
You closely miss the orc warrior. Your headbutt misses the orc warrior.
You tail-slap the orc warrior.
Your ball python bites the orc warrior but does no damage.
Your ball python grabs the orc warrior.
Your ball python constricts the orc warrior.
The orc warrior hits you but does no damage.
You punch the orc warrior! Your headbutt misses the orc warrior.
Your ball python bites the orc warrior.
Your ball python constricts the orc warrior.
The orc warrior hits your ball python with a mace!!
Your ball python dies!
You barely miss the orc warrior.
Your tail-slap misses the orc warrior.
You punch the orc warrior! The orc warrior hits you with a mace.
You take 4 damage, and have 49/69 hp.
You closely miss the orc warrior.
You headbutt the orc warrior, but do no damage.
The orc warrior hits you with a mace!
You take 8 damage, and have 41/69 hp.
You hit the orc warrior. Your headbutt misses the orc warrior.
You hit the orc warrior but do no damage.
Your tail-slap misses the orc warrior.
Your transformation is almost over.
You barely miss the orc. You headbutt the orc.
You kill the orc!
The orc warrior hits you with a mace!
You take 7 damage, and have 34/69 hp.
You completely miss the orc warrior.
You headbutt the orc warrior, but do no damage.
The orc warrior hits you with a mace!
You take 11 damage, and have 23/69 hp.
You barely miss the orc warrior. Your headbutt misses the orc warrior.
You tail-slap the orc warrior, but do no damage.
The orc warrior hits you with a mace!
* * * LOW HITPOINT WARNING * * *
You take 13 damage, and have 10/69 hp.
Unknown command.
You hit the orc warrior.
The orc priest calls upon Beogh to heal the orc warrior.
The orc warrior is healed somewhat.
Drink which item? (? for menu, Esc to quit)
It was a potion of flight.
You feel very buoyant.
You fly up into the air.
The orc warrior hits you with a mace!
You die...

....$
..... ...
... #.#
#.#
#o######.
#@o......
#<......#
###.....#
.###.# ..
# ##


You could see an orc warrior and an orc priest.

Vanquished Creatures
  An ogre (D:5)
  An ice beast (D:5)
  A sky beast (D:5)
  A centaur (D:5)
  A giant frog (D:4)
  4 scorpions
  A crimson imp (D:5)
  A jelly (D:5)
  4 hounds
  2 orc priests (D:3)
  3 orc wizards
  Jessica (D:2)
  Ijyb (D:2)
  An iguana (D:4)
  4 worker ants
  The ghost of patman the Sneak, a weakling VSAs (D:3)
  A hound skeleton (D:5)
  9 adders
  3 gnolls
  A shadow imp (D:5)
  4 adder skeletons
  A worm (D:3)
  3 giant geckos
  12 orcs
  6 giant cockroaches
  4 hobgoblins
  5 jackals
  11 kobolds
  A quokka (D:5)
  2 ball pythons
  9 bats
  7 giant newts
  10 goblins
  A jackal skeleton (D:4)
  2 jackal zombies
  A kobold zombie (Ossuary)
  10 rats
131 creatures vanquished.

Vanquished Creatures (collateral kills)
  A hound (D:5)
  A gnoll (D:5)
  An orc (D:5)
3 creatures vanquished.

Grand Total: 134 creatures vanquished

Notes
Turn   | Place    | Note
--------------------------------------------------------------
     0 | D:1      | Raultor the Draconian Transmuter began the quest for the Orb.
     0 | D:1      | Reached XP level 1. HP: 16/16 MP: 3/3
   252 | D:1      | Reached XP level 2. HP: 14/23 MP: 5/5
   552 | D:1      | Reached skill level 2 in Dodging
   847 | D:1      | Reached XP level 3. HP: 29/29 MP: 6/6
  1118 | D:2      | Noticed Jessica
  1135 | D:2      | Killed Jessica
  1135 | D:2      | Reached skill level 2 in Fighting
  1231 | D:2      | Noticed Ijyb
  1257 | D:2      | Killed Ijyb
  1257 | D:2      | Reached XP level 4. HP: 29/37 MP: 5/7
  1308 | D:2      | Noticed Sigmund
  1455 | D:2      | Reached skill level 4 in Unarmed Combat
  1601 | D:3      | HP: 8/37 [worker ant (5)]
  1783 | D:3      | Reached XP level 5. HP: 14/44 MP: 8/8
  2033 | D:3      | Learned a level 5 spell: Blade Hands
  2036 | D:3      | Learned a level 2 spell: Sticks to Snakes
  2123 | D:3      | Reached skill level 3 in Fighting
  2345 | D:3      | Noticed patman's ghost (weakling VSAs)
  2357 | D:3      | Killed patman's ghost
  2357 | D:3      | Reached skill level 3 in Transmutations
  2455 | D:3      | Reached skill level 3 in Dodging
  2640 | D:4      | Found a sand-covered staircase.
  2662 | Ossuary  | Entered an ossuary
  2925 | D:4      | Reached XP level 6. HP: 26/51 MP: 9/9
  3331 | D:4      | Reached skill level 5 in Unarmed Combat
  3570 | D:4      | Found a large runed door.
  3570 | D:4      | Found a large runed door.
  3707 | D:4      | Got a warped spear
  3708 | D:4      | Identified the cursed +1 spear of the Lurker {pain, Dex+2} (You found it on level 4 of the Dungeon)
  3720 | D:4      | Found a large runed door.
  3720 | D:4      | Found a large runed door.
  4102 | D:4      | Your scales start taking on a rich purple colour.
  4102 | D:4      | Reached XP level 7. HP: 53/58 MP: 10/10
  4176 | D:3      | Reached skill level 4 in Fighting
  4410 | D:5      | Entered Level 5 of the Dungeon
  4422 | D:5      | Reached skill level 6 in Unarmed Combat
  4422 | D:5      | Reached skill level 4 in Transmutations
  4902 | D:4      | HP: 10/60 [gnoll/flail of protection (9)]
  5481 | D:5      | Reached skill level 4 in Dodging
  5568 | D:5      | Reached XP level 8. HP: 36/67 MP: 6/11
  5742 | D:5      | Reached skill level 5 in Fighting
  6213 | D:6      | HP: 10/69 [orc warrior/mace (13)]
  6215 | D:6      | Mangled by an orc warrior

Vault maps used:
D:1:      dpeg_arrival_round_a
D:2:      uniq_iyjb, uniq_jessica, uniq_sigmund
D:3:      kennysheep_generic_room_11
D:4:      enter_ossuary_1, minmay_hollow_rounded_squares
D:5:      first_bread
D:6:      lemuel_crystal_altar, temple_green, uniq_edmund, uniq_eustachio
Ossuary:  ossuary_minmay_tomb_2a

Action                   |  1- 3 |  4- 6 |  7- 9 || total
-------------------------+-------+-------+-------++-------
Melee: Unarmed           |   139 |   281 |   251 ||   671
 Cast: Beastly Appendage |     3 |    11 |     5 ||    19
       Sticks to Snakes  |       |       |     9 ||     9
 Abil: Breathe Dispellin |       |       |     7 ||     7
  Use: Potion            |       |     3 |     1 ||     4
       Scroll            |       |     6 |       ||     6
 Stab: Sleeping          |       |     2 |       ||     2
  Eat: Chunk             |     1 |    10 |     9 ||    20

Vault maps used:
D:1:      dpeg_arrival_round_a
D:2:      uniq_iyjb, uniq_jessica, uniq_sigmund
D:3:      kennysheep_generic_room_11
D:4:      enter_ossuary_1, minmay_hollow_rounded_squares
D:5:      first_bread
D:6:      lemuel_crystal_altar, temple_green, uniq_edmund, uniq_eustachio
Ossuary:  ossuary_minmay_tomb_2a

Table legend:
 A = Turns spent in this place as a percentage of turns spent in the entire game.
 B = Non-inter-level travel turns spent in this place as a percentage of non-inter-level travel turns spent in the entire game.
 C = Inter-level travel turns spent in this place as a percentage of turns spent in this place.
 D = Turns resting spent in this place as a percentage of non-inter-level travel turns spent in this place.
 E = Turns spent auto-exploring this place as a percentage of non-inter-level travel turns spent in this place.
 F = Non-inter-level travel turns spent in this place divided by the number of levels of this place that you've seen.
                   A       B       C       D       E      F
               +-------+-------+-------+-------+-------+----------------------
         Total | 100.0 | 100.0 |   0.4 |   2.7 |   9.2 | 241.1
       Dungeon |  98.7 |  98.7 |   0.4 |   2.7 |   9.4 | 277.7
       Ossuary |   1.3 |   1.3 |   0.0 |   0.0 |   0.0 |  22.0
               +-------+-------+-------+-------+-------+----------------------

Table legend:
 A = Kills in this place as a percentage of kills in entire the game.
 B = Kills by you in this place as a percentage of kills by you in the entire game.
 C = Kills by friends in this place as a percentage of kills by friends in the entire game.
 D = Other kills in this place as a percentage of other kills in the entire game.
 E = Experience gained in this place as a percentage of experience gained in the entire game.
 F = Experience gained in this place divided by the number of levels of this place that you have seen.
                   A       B       C       D       E      F
               +-------+-------+-------+-------+-------+----------------------
         Total | 100.0 | 100.0 | 100.0 |  -nan | 100.0 | 275.9
       Dungeon |  98.5 |  98.5 | 100.0 |  -nan |  99.9 | 321.5
       Ossuary |   1.5 |   1.5 |   0.0 |  -nan |   0.1 |   2.0
               +-------+-------+-------+-------+-------+----------------------
